 Dungeon Crawl Stone Soup version 0.29-a0-303-ge4682ce883 (webtiles) character file.

Game seed: 3483756497923551860

101 kae the Firebug (level 4, 0/25 HPs)
             Began as a Tengu Fire Elementalist on Mar 25, 2022.
             Slain by a gnoll
             ... wielding a +2 vampiric whip
              (5 damage)
             ... on level 3 of the Dungeon.
             The game lasted 00:01:17 (2460 turns).

kae the Firebug (Tengu Fire Elementalist)           Turns: 2460, Time: 00:01:17

Health: 0/25       AC:  2    Str:  8    XL:     4   Next: 75%
Magic:  1/8        EV: 12    Int: 18    God:
Gold:   59         SH:  0    Dex: 14    Spells: 1/7 levels left

rFire   . . .      SeeInvis .   (no weapon)
rCold   . . .      Faith    .   (no shield)
rNeg    . . .      Spirit   .   a - +0 robe
rPois   .          Reflect  .   (helmet restricted)
rElec   .          Harm     .   (no cloak)
rCorr   .          Rampage  .   (no gloves)
Will    .....                   (boots unavailable)
Stlth   ++........              (no amulet)
HPRegen 0.08/turn               (no ring)
MPRegen 0.11/turn               (no ring)

@: no status effects
A: beak, talons 3
a: no special abilities


You were on level 3 of the Dungeon.
You visited 1 branch of the dungeon, and saw 3 of its levels.

You collected 59 gold pieces.

Inventory:

Armour
 a - a +0 robe (worn)
Jewellery
 g - an amulet of reflection
Scrolls
 e - a scroll of enchant weapon
 f - a scroll of torment
Potions
 b - a potion of magic
 c - 2 potions of attraction {unknown}
 d - 2 potions of heal wounds {unknown}
 h - 3 potions of curing {unknown}
 i - 2 potions of invisibility {unknown}
 j - a potion of cancellation {unknown}
 k - a potion of degeneration {unknown}
 l - a potion of resistance {unknown}


   Skills:
 + Level 1.2 Fighting
 + Level 1.2 Armour
 + Level 2.6 Dodging
 - Level 2.0 Stealth
 + Level 2.2 Spellcasting
 + Level 2.6 Conjurations
 * Level 4.4 Fire Magic


You had one spell level left.
You knew the following spells:

 Your Spells              Type           Power      Damage    Failure   Level
a - Foxfire               Conj/Fire      56%        2x1d6     4%          1
b - Scorch                Fire           36%        2d6       4%          2
c - Conjure Flame         Conj/Fire      14%        6-21      12%         3

Your spell library contained the following spells:

 Spells                   Type           Power      Damage    Failure   Level
 Inner Flame              Hex/Fire       10%        N/A       22%         3
 Flame Wave               Conj/Fire      14%        2d6       38%         4


Dungeon Overview and Level Annotations

Branches:
Dungeon (3/15)

Altars:


Innate Abilities, Weirdness & Mutations

You have a beak for a mouth.
You have claws for feet.


Message History

Casting: Foxfire (safe; 4% risk of failure)
Confirm with . or Enter, or press ? or * to list all spells.
You conjure some foxfire!
The foxfire hits the gnoll.
The gnoll is severely wounded.
The foxfire hits the gnoll.
You kill the gnoll!
Casting: Foxfire (safe; 4% risk of failure)
Confirm with . or Enter, or press ? or * to list all spells.
You conjure some foxfire!
The foxfire hits the gnoll.
The gnoll is moderately wounded.
The foxfire hits the gnoll.
The gnoll is heavily wounded.
The foxfire hits the gnoll.
The gnoll is severely wounded.
Casting: Foxfire (safe; 4% risk of failure)
Confirm with . or Enter, or press ? or * to list all spells.
You don't have enough magic to cast this spell.
You see here a +0 scale mail.
You see here a frilled lizard skeleton.
The frilled lizard hisses angrily.
As you read the scroll labelled HECIFU FEPALI, it crumbles to dust.
Your body is wracked with pain!
The gnoll convulses!
It was a scroll of torment.
The frilled lizard closely misses you.
Casting: Foxfire (safe; 4% risk of failure)
Confirm with . or Enter, or press ? or * to list all spells.
You conjure some foxfire!
The gnoll hits you with a +2 vampiric whip.
The frilled lizard closely misses you.
The foxfire hits the frilled lizard.
The frilled lizard is heavily wounded.
The foxfire hits the frilled lizard.
You kill the frilled lizard!
The gnoll hits you with a +2 vampiric whip.
Casting: Foxfire (safe; 4% risk of failure)
Confirm with . or Enter, or press ? or * to list all spells.
You conjure some foxfire!
The gnoll hits you with a +0 whip.
* * * LOW HITPOINT WARNING * * *
The gnoll hits you with a +2 vampiric whip.
You die...

#..# #)# #.## #.# #
##.# #.# .###.
##..# #.#
...^.##g.## ##.#
#....## #..#
##....# g#### #.##
##รท.#####...<.#
#.#
#...g@v#......##.#
#...gv.##......#.#
##......#......#.##
#....###.....g>..#
###### ..........#
.....g....#
........>.#
...g......#
.......####


You could see 2 gnolls.

Vanquished Creatures
  2 gnolls (D:3)
  2 worms (D:2)
  4 dart slugs
  An orc (D:3)
  3 bats (D:1)
  8 endoplasms
  4 giant cockroaches
  5 goblins
  2 hobgoblins
  3 jackals (D:1)
  8 ball pythons
  9 frilled lizards
  10 kobolds
  4 rats
65 creatures vanquished.

Vanquished Creatures (others)
  210 foxfires
  7 plants (D:3)
217 creatures vanquished.

Grand Total: 282 creatures vanquished

Notes
Turn   | Place    | Note
-------+----------+-------------------------------------------
     0 | D:1      | kae the Tengu Fire Elementalist began the quest for the
                  | Orb.
     0 | D:1      | Reached XP level 1. HP: 10/10 MP: 4/4
   137 | D:1      | Reached XP level 2. HP: 16/16 MP: 3/6
   576 | D:1      | Reached XP level 3. HP: 20/20 MP: 4/7
   979 | D:1      | Reached skill level 4 in Fire Magic
  1160 | D:2      | Found a faded altar of an unknown god.
  1668 | D:2      | Reached skill level 1 in Fighting
  1668 | D:2      | Reached XP level 4. HP: 25/25 MP: 2/8
  1884 | D:2      | Reached skill level 1 in Armour
  2395 | D:3      | Learned a level 2 spell: Scorch
  2399 | D:3      | Learned a level 3 spell: Conjure Flame
  2460 | D:3      | Slain by a gnoll

Illustrated notes

Levels and vault maps discovered:
D:1:      sevenhm_arrival_forest_fort_small_4, layout_rooms,
          minmay_misc_feat_columns
D:2:      layout_basic, basic_ecumenical_altar
D:3:      layout_rooms, marbit_many_paths, minmay_crystal_water,
          nrook_loot_triangle, minmay_lizard_king

Skill      XL: |  1  2  3  4 |
---------------+-------------+-----
Conjurations   | 2 |  2.6
Fire Magic     | 4 |  4.4
Fighting       | 1 |  1.2
Armour         | 1 |  1.2
Dodging        | |  2.6
Stealth        | |  2.0
Spellcasting   | |  2.2

Action                   |  1- 3 |  4- 6 || total
-------------------------+-------+-------++-------
Melee: Unarmed           |     9 |     9 ||    18
       Peck              |     4 |       ||     4
       Kick              |     1 |     2 ||     3
 Cast: Foxfire           |    83 |    40 ||   123
       Conjure Flame     |       |     1 ||     1
  Use: Scroll            |     2 |     3 ||     5
Armor: Robe              |     7 |     2 ||     9
Dodge: Dodged            |    23 |    11 ||    34

Table legend: (Time is in decaauts)
 A = Elapsed time spent in this place.
 B = Non-inter-level travel time spent in this place.
 C = Inter-level travel time spent in this place.
 D = Time resting spent in this place.
 E = Time spent auto-exploring this place.
 F = Levels seen in this place.
 G = Mean time per level.
                   A        B        C        D        E       F      G
               +--------+--------+--------+--------+--------+-----+--------+
         Total |   2459 |   2415 |     44 |     32 |   1918 |   3 |  819.7 |
       Dungeon |   2459 |   2415 |     44 |     32 |   1918 |   3 |  819.7 |
               +--------+--------+--------+--------+--------+-----+--------+

Top non-repeatable levels by time:
     D:1: 1160 daAuts
     D:2: 911 daAuts
     D:3: 387 daAuts
